 Dungeon Crawl Stone Soup version 0.30-a0-135-g630cfc4551 (webtiles) character file.

Game seed: 13003972613774285588

209 Iusername the Slasher (level 5, -1/46 HPs)
             Began as a Minotaur Fighter on Sept 20, 2022.
             Slain by a gnoll
             ... wielding a +0 halberd
              (10 damage)
             ... on level 3 of the Dungeon.
             The game lasted 00:04:53 (3663 turns).

Iusername the Slasher (Minotaur Fighter)            Turns: 3663, Time: 00:04:54

Health: -1/46      AC:  8    Str: 23    XL:     5   Next: 55%
Magic:  4/4        EV: 10    Int:  5    God:
Gold:   108        SH:  4    Dex:  9    Spells: 4/4 levels left

rFire   . . .      SeeInvis .    a - +0 long sword
rCold   . . .      Faith    .    c - +0 buckler
rNeg    . . .      Spirit   .    b - +0 scale mail
rPois   .          Reflect  .    (helmet restricted)
rElec   .          Harm     .    o - +0 cloak
rCorr   .          Rampage  .    (no gloves)
Will    .....                    (no boots)
Stlth   ..........               (no amulet)
HPRegen 0.15/turn                (no ring)
MPRegen 0.09/turn                (no ring)

@: hasted, very quick
A: horns 2, retaliatory headbutt
a: no special abilities


You were on level 3 of the Dungeon.
You visited 1 branch of the dungeon, and saw 3 of its levels.

You collected 108 gold pieces.

Inventory:

Hand Weapons
 a - a +0 long sword (weapon)
Missiles
 p - 6 boomerangs (quivered)
Armour
 b - a +0 scale mail (worn)
 c - a +0 buckler (worn)
 o - a +0 cloak (worn)
 q - a +0 cloak
Wands
 i - a wand of quicksilver (8)
Scrolls
 e - 3 scrolls of vulnerability {unknown}
 g - a scroll of teleportation {unknown}
 j - 2 scrolls of torment {unknown}
 k - a scroll of enchant armour {unknown}
 m - 2 scrolls of amnesia {unknown}
 n - a scroll of poison {unknown}
 s - a scroll of magic mapping {unknown}
 t - a scroll of fear {unknown}
Potions
 d - a potion of might
 f - 2 potions of haste
 h - a potion of lignification {unknown}
 l - 3 potions of curing {unknown}
 r - a potion of heal wounds {unknown}


   Skills:
 + Level 4.1 Fighting
 + Level 4.6 Long Blades
 + Level 4.3 Armour
 + Level 3.0 Dodging
 + Level 4.2 Shields


You had 4 spell levels left.
You didn't know any spells.
Your spell library contained the following spells:

 Spells                   Type           Power      Damage    Failure   Level
 Sandblast                Erth           0%         2d4       86%         1
 Passwall                 Tmut/Erth      0%         N/A       95%         2
 Stone Arrow              Conj/Erth      0%         3d7       99%         3


Dungeon Overview and Level Annotations

Branches:
Dungeon (3/15)

Altars:
Yredelemnul

Shops:
D:1 **([   D:2 !


Innate Abilities, Weirdness & Mutations

You have a pair of horns on your head.
You reflexively headbutt those who attack you in melee.


Message History

No target in view!
No target in view!
No target in view!
No target in view!
No target in view!
No target in view!
No target in view!
e - 3 scrolls labelled JUITEDE WISULL (gained 1)
Things that are here:
a +0 flail; 6 stones You now have 108 gold pieces (gained 3).
Found a stone staircase leading down.
t - a scroll labelled KEIHEPY INAS 2 gnolls come into view.
The gnoll shouts! x2; You hear a shout! x2
A gnoll comes into view. It is wielding a +0 flail.
A gnoll comes into view. It is wielding a +0 whip.
You slash the gnoll!
The gnoll is almost dead.
The gnoll hits you with a +0 flail! The gnoll barely misses you.
You slash the gnoll!
You kill the gnoll!
The gnoll barely misses you. The gnoll barely misses you.
The gnoll hits you from afar with a +0 halberd!
Things that are here:
a +0 flail; a gnoll corpse You closely miss the gnoll.
You headbutt the gnoll, but do no damage.
The gnoll hits you with a +0 halberd.
The gnoll hits you from afar with a +0 halberd!
You block the gnoll's attack. The gnoll hits you but does no damage.
You hit the gnoll.
The gnoll is heavily wounded.
The gnoll hits you from afar with a +0 halberd!
* * * LOW HITPOINT WARNING * * *
The gnoll misses you.
It was a potion of haste.
You feel yourself speed up.
The gnoll hits you from afar with a +0 halberd!
You die...

#.##...#..##......#####
#.####.#..##......# #..
#.#..##......# ###
#.#..##).....#
#.#..........#
.#.##.......# ##.######
#.#### #.@gg# ####g##
#..# ##>.....# .##.g.#
.# ..# .# .# .# # .#


You could see 3 gnolls.

Vanquished Creatures
  Crazy Yiuf (D:2)
  Natasha (thrice) (D:2)
  Robin (D:2)
  A gnoll (D:3)
  2 adders
  A worm (D:3)
  4 orcs (D:3)
  6 bats (D:2)
  5 endoplasms
  2 giant cockroaches
  15 goblins
  6 hobgoblins
  3 kobolds (D:2)
  A quokka (D:2)
  3 ball pythons
  4 frilled lizards
  7 rats
65 creatures vanquished.

Vanquished Creatures (others)
  7 plants (D:2)
7 creatures vanquished.

Grand Total: 72 creatures vanquished

Notes
Turn   | Place    | Note
-------+----------+-------------------------------------------
     0 | D:1      | Iusername the Minotaur Fighter began the quest for the Orb.
     0 | D:1      | Reached XP level 1. HP: 19/19 MP: 0/0
   283 | D:1      | Reached XP level 2. HP: 27/27 MP: 1/1
   663 | D:1      | Found Poriak's Assorted Antiques.
   690 | D:1      | Found Hosaurr's Assorted Antiques.
   722 | D:1      | Found Pumpuqag's Weapon Emporium.
   754 | D:1      | Found Teunt's Armour Boutique.
  1216 | D:2      | Reached XP level 3. HP: 31/33 MP: 2/2
  1320 | D:2      | Found Rusadwid's Distillery.
  1445 | D:2      | Noticed Robin
  1452 | D:2      | Killed Robin
  1453 | D:2      | Reached skill level 1 in Dodging
  1810 | D:2      | Noticed Natasha
  1817 | D:2      | Killed Natasha
  1818 | D:2      | Reached XP level 4. HP: 33/40 MP: 3/3
  2212 | D:2      | Found a runed translucent door.
  2213 | D:2      | Noticed Crazy Yiuf
  2298 | D:2      | Found a basalt altar of Yredelemnul.
  2308 | D:2      | Noticed Natasha
  2318 | D:2      | Killed Natasha
  2355 | D:2      | Killed Crazy Yiuf
  2356 | D:2      | Reached XP level 5. HP: 13/46 MP: 0/4
  3053 | D:2      | Found a faded altar of an unknown god.
  3085 | D:2      | Noticed Natasha
  3094 | D:2      | Killed Natasha
  3663 | D:3      | Slain by a gnoll

Illustrated notes

Levels and vault maps discovered:
D:1:      zelgadis_glass_arrival_large, layout_basic, serial_shops, shop, shop,
          nicolae_shop_window_shopping, shop_fountains,
          minmay_misc_feat_secret_circle, dk_noncrumbling_4, minmay_tetromino_s4
D:2:      layout_loops_ring, basic_altar, serial_shops, shop,
          dilly_ecumenical_altar_fadedgnrine, minmay_misc_feat_square,
          uniq_crazy_yiuf_cottage, uniq_natasha, uniq_robin
D:3:      layout_basic, amethyst_killhole

Skill      XL: |  1  2  3  4  5 |
---------------+----------------+-----
Armour         | 4 |  4.3
Shields        | 4 |  4.2
Fighting       | 4 |  4.1
Dodging        | 2 3 |  3.0
Long Blades    | 3 4 |  4.6

Action                   |  1- 3 |  4- 6 || total
-------------------------+-------+-------++-------
Melee: Long sword        |   106 |    60 ||   166
       Headbutt          |    12 |     8 ||    20
Evoke: Wand              |     1 |       ||     1
  Use: Potion            |       |     1 ||     1
Armor: Scale mail        |    55 |    20 ||    75
Dodge: Dodged            |    41 |    26 ||    67
Block: Buckler           |    22 |    12 ||    34

Table legend: (Time is in decaauts)
 A = Elapsed time spent in this place.
 B = Non-inter-level travel time spent in this place.
 C = Inter-level travel time spent in this place.
 D = Time resting spent in this place.
 E = Time spent auto-exploring this place.
 F = Levels seen in this place.
 G = Mean time per level.
                   A        B        C        D        E       F      G
               +--------+--------+--------+--------+--------+-----+--------+
         Total |   3717 |   3678 |     39 |   1556 |   1635 |   3 | 1239.0 |
       Dungeon |   3717 |   3678 |     39 |   1556 |   1635 |   3 | 1239.0 |
               +--------+--------+--------+--------+--------+-----+--------+

Top non-repeatable levels by time:
     D:2: 2406 daAuts
     D:1: 1122 daAuts
     D:3: 189 daAuts
